 Dungeon Crawl Stone Soup version 0.21.1-1-g345015f (webtiles) character file.

5341 manyhoops the Fighter (level 10, -7/87 HPs)
             Began as a Gnoll Wanderer on Apr 21, 2018.
             Was a Follower of Makhleb.
             Mangled by a catoblepas (22 damage)
             ... on level 8 of the Dungeon on May 2, 2018.
             The game lasted 00:16:03 (9295 turns).

manyhoops the Fighter (Gnoll Wanderer)              Turns: 9295, Time: 00:16:03

Health: -7/87      AC: 17    Str: 12    XL:     10   Next: 65%
Magic:  0/27       EV: 10    Int: 19    God:    Makhleb [*.....]
Gold:   507        SH:  7    Dex: 28    Spells: 19/19 levels left

rFire    . . .     SeeInvis .   t - +2 dagger (venom)
rCold    . . .     Gourm    .   e - +0 buckler
rNeg     . . .     Faith    .   r - +0 storm dragon scales
rPois    .         Spirit   +   (no helmet)
rElec    +         Reflect  .   C - scarf {Spirit}
rCorr    .         Harm     .   D - +0 pair of gloves
MR       .....                  G - +0 pair of boots "Laanek" {rElec Str-5 Int+4 Dex+7}
Stlth    +.........             (no amulet)
HPRegen  0.24/turn              E - +6 ring of dexterity
MPRegen  0.20/turn              H - ring of magical power

@: no status effects
A: distributed training, fangs 1, rugged brown scales 1, thin metallic scales 1,
sturdy frame 1, strong nose
a: Renounce Religion


You were on level 8 of the Dungeon.
You worshipped Makhleb.
Makhleb was aware of your devotion.
You were very hungry.

You visited 2 branches of the dungeon, and saw 9 of its levels.

You collected 507 gold pieces.

Inventory:

Hand Weapons
 t - a +2 dagger of venom (weapon)
 v - a +0 dagger of electrocution
Missiles
 c - 110 arrows
 p - 2 tomahawks (quivered)
Armour
 a - a +0 shield
 e - a +0 buckler (worn)
 g - a +0 pair of gloves
 m - a +0 cloak
 r - +0 storm dragon scales (worn)
 C - a scarf of spirit shield (worn)
 D - a +0 pair of gloves (worn)
 G - the +0 pair of boots "Laanek" (worn) {rElec Str-5 Int+4 Dex+7}
   (You found it on level 7 of the Dungeon)

   It affects your strength (-5).
   It affects your intelligence (+4).
   It affects your dexterity (+7).
   It insulates you from electricity.
Jewellery
 E - a +6 ring of dexterity (left hand)
 H - a ring of magical power (right hand)
Wands
 y - a wand of polymorph (11)
Scrolls
 d - 2 scrolls of identify
 h - 3 scrolls of noise
 i - 2 scrolls of teleportation
 j - a scroll of magic mapping
 k - 7 scrolls of remove curse
 l - 6 scrolls of enchant weapon
 n - 2 scrolls of fear
 o - 4 scrolls of immolation
 B - 2 scrolls of fog
 I - 2 scrolls of amnesia
Potions
 b - a potion of haste
 q - a potion of mutation
 s - a potion of flight
 u - a potion of agility
 w - a potion of resistance
 x - a potion of ambrosia
 A - 2 potions of might {unknown}
 F - 4 potions of curing
 J - a potion of heal wounds
Books
 z - a book of Necromancy

   Spells                             Type                      Level
   a - Pain                           Necromancy                   1
   b - Animate Skeleton               Necromancy                   1
   c - Vampiric Draining              Necromancy                   3
   d - Regeneration                   Charms/Necromancy            3
   e - Animate Dead                   Necromancy                   4
   f - Borgnjor's Vile Clutch         Necromancy/Earth             5
 K - a book of Misfortune

   Spells                             Type                      Level
   a - Confusing Touch                Hexes                        1
   b - Confuse                        Hexes                        3
   c - Gell's Gravitas                Translocation                3
   d - Petrify                        Transmutation/Earth          4
   e - Metabolic Englaciation         Hexes/Ice                    5
   f - Yara's Violent Unravelling     Hexes/Transmutation          5
 L - a book of Battle

   Spells                             Type                      Level
   a - Infusion                       Charms                       1
   b - Shroud of Golubria             Charms/Translocation         2
   c - Song of Slaying                Charms                       2
   d - Spectral Weapon                Hexes/Charms                 3
   e - Regeneration                   Charms/Necromancy            3
Comestibles
 f - 13 rations


   Skills:
 + Level 10.1 Fighting
 + Level 6.0 Short Blades
 + Level 5.4 Long Blades
 + Level 5.4 Axes
 + Level 5.4 Maces & Flails
 + Level 5.4 Polearms
 + Level 5.4 Staves
 + Level 5.4 Slings
 + Level 5.4 Bows
 + Level 6.0 Crossbows
 + Level 5.4 Throwing
 + Level 5.4 Armour
 + Level 6.0 Dodging
 + Level 5.9 Stealth
 + Level 6.0 Shields
 + Level 5.4 Unarmed Combat
 + Level 5.4 Spellcasting
 + Level 4.4 Conjurations
 + Level 4.4 Hexes
 + Level 4.4 Charms
 + Level 4.4 Summonings
 + Level 4.4 Necromancy
 + Level 4.4 Translocations
 + Level 4.4 Transmutations
 + Level 4.4 Fire Magic
 + Level 4.4 Ice Magic
 + Level 4.4 Air Magic
 + Level 4.4 Earth Magic
 + Level 4.4 Poison Magic
 + Level 5.9 Invocations
 + Level 6.0 Evocations


You had 19 spell levels left.
You didn't know any spells.

Dungeon Overview and Level Annotations

Branches:
Dungeon (8/15)             Temple (1/1) D:6
   Lair: D:8-11

Altars:
Ashenzari
Dithmenos
Elyvilon
Fedhas
Gozag
Hepliaklqana
Kikubaaqudgha
Makhleb
Nemelex Xobeh
Okawaru
Qazlal
Trog
Uskayaw
Vehumet
Xom
Yredelemnul
Zin
The Shining One

Shops:
D:8 :


Innate Abilities, Weirdness & Mutations

Your experience applies equally to all skills.
You have very sharp teeth.
Your uncanny sense of smell can sniff out nearby items.
You are partially covered in rugged brown scales. (AC +1, +3% HP)
You are partially covered in thin metallic scales. (AC +2)
Your movements are slightly less encumbered by armour. (ER -2)


Message History

* * * LOW HITPOINT WARNING * * *
The catoblepas breathes a plume of calcifying dust at you.
The blast of calcifying dust hits you!
You are engulfed in calcifying dust.
The catoblepas gores you!
* * * LOW HITPOINT WARNING * * *
You turn to flesh and can move again.
Unknown command.
Unknown command.
Unknown command.
Unknown command.
Unknown command.
You feel much better.
You are engulfed in calcifying dust.
The catoblepas breathes a plume of calcifying dust at you.
The blast of calcifying dust hits you!
* * * LOW HITPOINT WARNING * * *
You feel much better.
You are engulfed in calcifying dust.
The catoblepas gores you!!
* * * LOW HITPOINT WARNING * * *
The catoblepas gores you!!
You die...

.###.#..#.......#
........#.#.###.#
.###.#>.....# #.#
#.......### #.#
##.#...######.##
####.###......# #.#
#.###..# #.# #..#
#######'## # #.@####
.........##.# #§Y...#
##........#.# ##:##.#
##.........####..# #
#.##......).........
...8O...............#
....Y§§§§§..####....#
...........## ##....
...8......## #...#


You could see a catoblepas.

Vanquished Creatures
  Pikel (D:6)
  An ugly thing (D:6)
  A troll (D:7)
  A hippogriff (D:7)
  A spriggan (D:7)
  5 yaks
  A wyvern (D:8)
  Edmund (D:4)
  An acid dragon (D:7)
  A water moccasin (D:6)
  4 sky beasts
  5 black bears
  An ice beast (D:8)
  A phantom (D:8)
  2 centaurs (D:7)
  An ogre (D:8)
  4 bullfrogs
  A water moccasin skeleton (D:8)
  A howler monkey (D:7)
  A bullfrog zombie (D:5)
  3 crimson imps
  6 orc priests
  A gnoll shaman (D:6)
  6 jellies
  3 centaur skeletons
  Crazy Yiuf (D:2)
  3 orc wizards
  A bullfrog skeleton (D:6)
  An iguana (D:8)
  A worker ant (D:8)
  5 hound skeletons
  A howler monkey zombie (D:7)
  A howler monkey skeleton (D:8)
  5 gnolls
  7 adders
  2 shadow imps
  An ooze (D:3)
  2 worms
  2 dart slugs (D:2)
  3 leopard geckos
  26 orcs
  9 bats
  4 giant cockroaches
  5 hobgoblins
  14 jackals
  8 kobolds
  4 quokkas
  10 frilled lizards
  9 goblins
  A jackal zombie (D:8)
  A leopard gecko skeleton (D:4)
  2 leopard gecko zombies
  A quokka zombie (D:7)
  7 rats
191 creatures vanquished.

Vanquished Creatures (others)
  A yak (D:6)
  A slave (D:6)
  A gnoll (D:6)
3 creatures vanquished.

Grand Total: 194 creatures vanquished

Notes
Turn   | Place    | Note
-------+----------+-------------------------------------------
     0 | D:1      | manyhoops the Gnoll Wanderer began the quest for the Orb.
     0 | D:1      | manyhoops set off with: a +0 shield, a +0 shortbow, 22 arrows, a +0 short sword, a +0 robe, a ration
     0 | D:1      | Reached XP level 1. HP: 26/26 MP: 2/2
   183 | D:1      | Reached XP level 2. HP: 32/33 MP: 3/3
   408 | D:1      | Reached XP level 3. HP: 32/38 MP: 4/4
   902 | D:2      | Reached skill level 1 in Invocations
  1402 | D:2      | Found a runed door.
  1449 | D:2      | Reached skill level 1 in Long Blades
  1449 | D:2      | Reached skill level 1 in Axes
  1449 | D:2      | Reached skill level 1 in Maces & Flails
  1449 | D:2      | Reached skill level 1 in Polearms
  1449 | D:2      | Reached skill level 1 in Staves
  1449 | D:2      | Reached skill level 1 in Slings
  1449 | D:2      | Reached skill level 1 in Bows
  1449 | D:2      | Reached skill level 1 in Throwing
  1449 | D:2      | Reached skill level 1 in Armour
  1449 | D:2      | Reached skill level 1 in Unarmed Combat
  1449 | D:2      | Reached skill level 1 in Spellcasting
  1468 | D:2      | Reached XP level 4. HP: 18/45 MP: 6/6
  1802 | D:2      | Noticed Crazy Yiuf
  1816 | D:2      | Killed Crazy Yiuf
  1816 | D:2      | Reached skill level 1 in Conjurations
  1816 | D:2      | Reached skill level 1 in Hexes
  1816 | D:2      | Reached skill level 1 in Charms
  1816 | D:2      | Reached skill level 1 in Summonings
  1816 | D:2      | Reached skill level 1 in Necromancy
  1816 | D:2      | Reached skill level 1 in Translocations
  1816 | D:2      | Reached skill level 1 in Transmutations
  1816 | D:2      | Reached skill level 1 in Fire Magic
  1816 | D:2      | Reached skill level 1 in Ice Magic
  1816 | D:2      | Reached skill level 1 in Air Magic
  1816 | D:2      | Reached skill level 1 in Earth Magic
  1816 | D:2      | Reached skill level 1 in Poison Magic
  1954 | D:3      | Found a shimmering altar of Xom.
  2004 | D:3      | Found a shadowy altar of Dithmenos.
  2091 | D:3      | Reached XP level 5. HP: 17/51 MP: 7/7
  2296 | D:3      | Found an iron altar of Okawaru.
  2602 | D:3      | Reached XP level 6. HP: 9/57 MP: 8/8
  3821 | D:3      | Gained mutation: You are partially covered in thin metallic scales. (AC +2) [potion of mutation]
  3821 | D:3      | Gained mutation: You are partially covered in rugged brown scales. (AC +1, +3% HP) [potion of mutation]
  3821 | D:3      | Gained mutation: Your movements are slightly less encumbered by armour. (ER -2) [potion of mutation]
  4196 | D:4      | Noticed Edmund
  4297 | D:4      | Killed Edmund
  4349 | D:4      | Reached XP level 7. HP: 57/64 MP: 10/10
  4832 | D:5      | Entered Level 5 of the Dungeon
  4871 | D:5      | Found a sparkling altar of Nemelex Xobeh.
  4950 | D:5      | Reached skill level 9 in Fighting
  5233 | D:5      | Reached XP level 8. HP: 73/73 MP: 12/12
  5967 | D:6      | Noticed a yak
  5968 | D:6      | Noticed a yak
  5970 | D:6      | Noticed a yak
  5972 | D:6      | Noticed a yak
  5987 | D:5      | Killed a yak
  6108 | D:6      | Noticed a yak
  6138 | D:5      | Killed a yak
  6221 | D:6      | Found a staircase to the Ecumenical Temple.
  6232 | Temple   | Entered the Ecumenical Temple
  6253 | Temple   | Became a worshipper of Makhleb the Destroyer
  6304 | D:6      | Found a hide-covered altar of Uskayaw.
  6372 | D:6      | Noticed Pikel
  6380 | D:6      | Killed Pikel
  6380 | D:6      | Reached XP level 9. HP: 79/79 MP: 14/14
  6395 | D:6      | Found a bloodstained altar of Trog.
  6448 | D:6      | Reached skill level 5 in Short Blades
  6448 | D:6      | Reached skill level 5 in Crossbows
  6448 | D:6      | Reached skill level 5 in Dodging
  6448 | D:6      | Reached skill level 5 in Shields
  6448 | D:6      | Reached skill level 5 in Evocations
  6494 | D:6      | Reached skill level 5 in Stealth
  6544 | D:6      | Found a blossoming altar of Fedhas.
  6585 | D:6      | Noticed a red ugly thing
  6601 | D:6      | Killed a red ugly thing
  6601 | D:6      | Reached skill level 5 in Invocations
  7029 | D:7      | Found a basalt altar of Yredelemnul.
  7047 | D:7      | Reached XP level 10. HP: 67/86 MP: 13/17
  7441 | D:7      | Found a transporter.
  7538 | D:7      | Found a transporter.
  7746 | D:7      | Reached skill level 5 in Long Blades
  7746 | D:7      | Reached skill level 5 in Axes
  7746 | D:7      | Reached skill level 5 in Maces & Flails
  7746 | D:7      | Reached skill level 5 in Polearms
  7746 | D:7      | Reached skill level 5 in Staves
  7746 | D:7      | Reached skill level 5 in Slings
  7746 | D:7      | Reached skill level 5 in Bows
  7746 | D:7      | Reached skill level 5 in Throwing
  7746 | D:7      | Reached skill level 5 in Armour
  7746 | D:7      | Reached skill level 5 in Unarmed Combat
  7746 | D:7      | Reached skill level 5 in Spellcasting
  7805 | D:7      | Reached * piety under Makhleb
  8225 | D:7      | Got a pair of ancient boots
  8231 | D:7      | Identified the cursed +0 pair of boots "Laanek" {rElec Str-5 Int+4 Dex+7} (You found it on level 7 of the Dungeon)
  8393 | D:8      | Found Bonaef's Book Boutique.
  8476 | D:8      | Found an ancient bone altar of Kikubaaqudgha.
  8610 | D:8      | Reached skill level 10 in Fighting
  9170 | D:8      | Found a radiant altar of Vehumet.
  9170 | D:8      | Found a stormy altar of Qazlal.
  9171 | D:8      | Noticed a catoblepas
  9175 | D:8      | Noticed an ogre mage
  9292 | D:8      | HP: 4/87 [catoblepas (6)]
  9295 | D:8      | Mangled by a catoblepas

Skill      XL: |  1  2  3  4  5  6  7  8  9 10 |
---------------+-------------------------------+-----
Invocations    | 1 2 3 4 5 |  5.9
Long Blades    | 1 2 3 4 5 |  5.4
Axes           | 1 2 3 4 5 |  5.4
Maces & Flails | 1 2 3 4 5 |  5.4
Polearms       | 1 2 3 4 5 |  5.4
Staves         | 1 2 3 4 5 |  5.4
Slings         | 1 2 3 4 5 |  5.4
Bows           | 1 2 3 4 5 |  5.4
Throwing       | 1 2 3 4 5 |  5.4
Armour         | 1 2 3 4 5 |  5.4
Unarmed Combat | 1 2 3 4 5 |  5.4
Spellcasting   | 1 2 3 4 5 |  5.4
Conjurations   | 1 2 3 4 |  4.4
Hexes          | 1 2 3 4 |  4.4
Charms         | 1 2 3 4 |  4.4
Summonings     | 1 2 3 4 |  4.4
Necromancy     | 1 2 3 4 |  4.4
Translocations | 1 2 3 4 |  4.4
Transmutations | 1 2 3 4 |  4.4
Fire Magic     | 1 2 3 4 |  4.4
Ice Magic      | 1 2 3 4 |  4.4
Air Magic      | 1 2 3 4 |  4.4
Earth Magic    | 1 2 3 4 |  4.4
Poison Magic   | 1 2 3 4 |  4.4
Short Blades   | 3 4 5 6 |  6.0
Crossbows      | 3 4 5 6 |  6.0
Dodging        | 3 4 5 6 |  6.0
Shields        | 3 4 5 6 |  6.0
Evocations     | 3 4 5 6 |  6.0
Stealth        | 3 4 5 |  5.9
Fighting       | 9 10 | 10.1

Action                   |  1- 3 |  4- 6 |  7- 9 | 10-12 || total
-------------------------+-------+-------+-------+-------++-------
Melee: Short sword       |   177 |   190 |       |       ||   367
       Bite              |    16 |    21 |    76 |    69 ||   182
       Dagger            |       |    67 |   383 |   375 ||   825
Throw: Tomahawk          |       |     2 |       |       ||     2
Evoke: Wand              |       |       |     3 |       ||     3
  Use: Scroll            |     3 |     5 |       |     4 ||    12
       Potion            |       |     4 |       |     6 ||    10
 Stab: Sleeping          |     4 |     3 |       |       ||     7
       Distracted        |     1 |       |       |       ||     1
       Invisible         |       |     2 |       |       ||     2
  Eat: Chunk             |     1 |     9 |     6 |     4 ||    20
       Ration            |       |       |     1 |     1 ||     2
Armor: Robe              |    52 |    39 |       |       ||    91
       Skin              |       |    35 |       |    28 ||    63
       Storm dragon scal |       |     6 |   175 |   142 ||   323
Dodge: Dodged            |    97 |   114 |   143 |   105 ||   459
Block: Shield            |   107 |   129 |       |       ||   236
       Buckler           |       |     5 |    80 |    82 ||   167
